 Dungeon Crawl Stone Soup version 0.27.1-34-g3ba077fa99 (webtiles) character file.

Game seed: 9836773304174269416

53 DildoBatman the Conjurer (level 4, -1/30 HPs)
             Began as a Formicid Conjurer on Jan 19, 2022.
             Frozen to death by an endoplasm (3 damage)
             ... on level 3 of the Dungeon.
             The game lasted 00:02:43 (1152 turns).

DildoBatman the Conjurer (Formicid Conjurer)        Turns: 1152, Time: 00:02:44

Health: -1/30      AC:  2    Str: 12    XL:     4   Next: 11%
Magic:  4/8        EV: 12    Int: 17    God:
Gold:   39         SH:  0    Dex: 10    Spells: 5/8 levels left

rFire    . . .     SeeInvis +   b - +0 club
rCold    . . .     Faith    .   (no shield)
rNeg     . . .     Spirit   .   g - +0 robe {Archmagi}
rPois    .         Reflect  .   (helmet unavailable)
rElec    .         Harm     .   (no cloak)
rCorr    .         Rampage  .   (no gloves)
Will     .....     Archmagi +   (no boots)
Stlth    ++........             (no amulet)
HPRegen  0.10/turn              (no ring)
MPRegen  0.11/turn              (no ring)

@: no status effects
A: permanent stasis, dig shafts and tunnels, antennae 3, four strong arms
a: Dig, Shaft Self


You were on level 3 of the Dungeon.
You visited 1 branch of the dungeon, and saw 3 of its levels.

You collected 39 gold pieces.

Inventory:

Hand Weapons
 b - a +0 club (weapon)
Missiles
 c - 73 stones
 f - 7 sling bullets
Armour
 a - a +0 robe
 g - a +0 robe of the Archmagi (worn)
Scrolls
 d - a scroll of identify {unknown}
 h - a scroll of teleportation {unknown}
Potions
 e - a potion of degeneration {unknown}


   Skills:
 - Level 1.7 Dodging
 - Level 2.4 Stealth
 * Level 2.7 Spellcasting
 * Level 4.6 Conjurations


You had 5 spell levels left.
You knew the following spells:

 Your Spells              Type           Power      Damage    Failure   Level
a - Searing Ray           Conj           54%        3d5       4%          2
c - Magic Dart            Conj           100%       1d8       2%          1

Your spell library contained the following spells:

 Spells                   Type           Power      Damage    Failure   Level
 Dazzling Flash           Conj/Hex       30%        N/A       21%         3
 Ozocubu's Armour         Ice            3%         N/A       47%         3
 Fulminant Prism          Conj/Hex       7%         3d7       56%         4
 Iskenderun's Mystic Bla  Conj/Tloc      15%        2d5       56%         4
 Ozocubu's Refrigeration  Ice            1%         4d5       100%        7


Dungeon Overview and Level Annotations

Branches:
Dungeon (2/15)

Altars:

Shops:
D:1 =


Innate Abilities, Weirdness & Mutations

You cannot be hasted, slowed, berserked, paralysed or teleported.
You can dig through walls and to a lower floor.
You have a pair of large antennae on your head. (SInv)
Your four strong arms can wield two-handed weapons with a shield.


Message History

Orders for allies: a - Attack new target. r - Retreat! s - Stop attacking. g - Guard the area. f - Follow me.
Anything else - Cancel.
You shout for attention!
The endoplasm barely misses you. What are your orders? t - Shout!
Orders for allies: a - Attack new target. r - Retreat! s - Stop attacking. g - Guard the area. f - Follow me.
Anything else - Cancel.
You shout for attention!
The endoplasm closely misses you. What are your orders? t - Shout!
Orders for allies: a - Attack new target. r - Retreat! s - Stop attacking. g - Guard the area. f - Follow me.
Anything else - Cancel.
You shout for attention!
The endoplasm closely misses you. What are your orders? t - Shout!
Orders for allies: a - Attack new target. r - Retreat! s - Stop attacking. g - Guard the area. f - Follow me.
Anything else - Cancel.
You shout for attention!
The endoplasm barely misses you. What are your orders? t - Shout!
Orders for allies: a - Attack new target. r - Retreat! s - Stop attacking. g - Guard the area. f - Follow me.
Anything else - Cancel.
You shout for attention!
The endoplasm freezes you.
You are frozen.
You die...

#########
.........
#.......#
#.......#
#$.....@#
#......J...#
#............#
#............#
#............#
##.#######.....
... ##### ##


You could see an endoplasm.

Vanquished Creatures
  A hound skeleton (D:2)
  2 adders (D:2)
  3 endoplasms
  A giant cockroach (D:1)
  3 goblins (D:1)
  A quokka (D:1)
  A ball python (D:1)
  7 bats
  3 kobolds
22 creatures vanquished.

Notes
Turn   | Place    | Note
-------+----------+-------------------------------------------
     0 | D:1      | DildoBatman the Formicid Conjurer began the quest for the
                  | Orb.
     0 | D:1      | Reached XP level 1. HP: 13/13 MP: 3/3
   336 | D:1      | Reached skill level 4 in Conjurations
   336 | D:1      | Reached XP level 2. HP: 19/19 MP: 3/5
   339 | D:1      | Learned a level 2 spell: Searing Ray
   798 | D:1      | Found Buujoin Miwk's Jewellery Emporium.
   949 | D:2      | Reached XP level 3. HP: 24/24 MP: 4/6
  1130 | D:2      | Reached XP level 4. HP: 30/30 MP: 2/8
  1132 | D:2      | You fall into a shaft and drop 1 floor!
  1147 | D:3      | HP: 1/30 [frozen (5)]
  1152 | D:3      | Frozen to death by an endoplasm

Illustrated notes

Levels and vault maps discovered:
D:1:      pf_arrival_petrified_forest, layout_basic, serial_shops, shop
D:2:      layout_basic, minmay_domino_4, uniq_robin, uniq_sigmund, uniq_natasha
D:3:      layout_basic, shapermc_ecumenical_altar_mp_highgroup, uniq_jessica

Skill      XL: |  1 |
---------------+----+-----
Conjurations   | 4 |  4.6
Dodging        | |  1.7
Stealth        | |  2.4
Spellcasting   | |  2.7

Action                   |  1- 3 |  4- 6 || total
-------------------------+-------+-------++-------
Melee: Unarmed           |     1 |       ||     1
       Club              |     2 |       ||     2
 Cast: Magic Dart        |    26 |       ||    26
       Searing Ray       |     5 |       ||     5
 Abil: Dig               |     1 |       ||     1
       Shaft Self        |       |     1 ||     1
Armor: Robe              |     5 |     1 ||     6
Dodge: Dodged            |     4 |     6 ||    10
